 Dungeon Crawl Stone Soup version 0.21-a0-581-gb7d493ddfc (webtiles) character file.

997 MirrMurr the Slasher (level 8, 0/54 HPs)
             Began as a Halfling Berserker on Dec 19, 2017.
             Was a Priest of Trog.
             Slain by an orc wizard
             ... wielding a +0 club
              (3 damage)
             ... on level 4 of the Dungeon.
             The game lasted 00:11:00 (4347 turns).

MirrMurr the Slasher (Halfling Berserker)           Turns: 4347, Time: 00:11:00

Health: 0/54       AC: 11    Str: 25    XL:     8   Next: 42%
Magic:  8/8        EV: 15    Int:  5    God:    Trog [***...]
Gold:   174        SH:  0    Dex: 14    Spells: 7/7 levels left

rFire    . . .     SeeInvis .   a - +0 falchion
rCold    . . .     Gourm    .   (shield restricted)
rNeg     . . .     Faith    .   g - +0 scale mail
rPois    .         Spirit   .   j - +2 hat
rElec    .         Reflect  .   (no cloak)
rCorr    .         Harm     .   o - +0 pair of gloves
MR       .....                  k - +0 pair of boots
Stlth    ..........             (no amulet)
HPRegen  0.18/turn              (no ring)
MPRegen  0.11/turn              (no ring)

@: mighty, berserk cooldown, slowed, very slow
A: small, mutation resistance 1
a: Berserk, Trog's Hand, Burn Spellbooks, Renounce Religion


You were on level 4 of the Dungeon.
You worshipped Trog.
Trog was most pleased with you.
You were very hungry.

You visited 1 branch of the dungeon, and saw 4 of its levels.
You also visited: Sewer.

You collected 174 gold pieces.

Inventory:

Hand Weapons
 a - a +0 falchion (weapon)
Missiles
 b - 97 stones (quivered)
 s - a throwing net
 w - 2 curare-tipped needles
 x - 9 poisoned needles
Armour
 g - a +0 scale mail (worn)
 h - a +0 helmet
 j - a +2 hat (worn)
 k - a +0 pair of boots (worn)
 o - a +0 pair of gloves (worn)
Jewellery
 q - a cursed -2 ring of strength {unknown}
Scrolls
 f - 3 scrolls of teleportation
 i - 4 scrolls of identify
 r - a scroll of remove curse
Potions
 e - a potion of flight
 l - a potion of haste {unknown}
 m - a potion of heal wounds {unknown}
 n - a potion of magic {unknown}
 u - a potion of invisibility {unknown}
 v - a potion of ambrosia {unknown}
Comestibles
 c - 5 rations
 p - 4 chunks of flesh


   Skills:
 + Level 4.5 Fighting
 * Level 6.5 Long Blades
 + Level 5.0 Armour
 + Level 4.9 Dodging


You had 7 spell levels left.
You didn't know any spells.

Dungeon Overview and Level Annotations

Branches:
Dungeon (4/15)
 Temple: D:4-7

Altars:
Dithmenos
Gozag
Kikubaaqudgha


Innate Abilities, Weirdness & Mutations

You are small and have problems with some larger weapons.
You are somewhat resistant to further mutation.


Message History

You hear some strange, mumbled words.
A puff of flame appears from out of thin air!
The puff of flame hits you!
* * * LOW HITPOINT WARNING * * *
Something hits you but does no damage.
Items here: ))) [[[ †† Unknown command.
You slash something! Trog accepts your kill.
Trog appreciates your killing of a magic user.
Reactivating autopickup.
Your Armour skill increases to level 5!
You feel a bit more experienced.
The orc wizard gestures at you while chanting.
You feel as though you will be slow longer.
Unknown command.
You hit the orc wizard.
The orc wizard is moderately wounded.
The orc wizard hits you with a club.
You die...

... #.#.. ..#
#.#.# #.# .#.#.#
#.# #######.#.#.#
#.# #.)...#)#.#.#
#.# #.###.#.#.#.#
#.#
#@#.#.#.#.#.###.##
#o#<..#...........
#.#####.#.#.###.##
#.......#.#.###.##
#######>o.........
#.#.#.#.....
#.#.#.#.....
#+#+#.#.....
..#.....


You could see an orc wizard.

Vanquished Creatures
  Sigmund (D:2)
  5 big kobolds (Sewer)
  A gnoll shaman (D:4)
  3 orc priests
  A hound (D:4)
  Jessica (D:2)
  An orc wizard (D:4)
  2 worker ants (D:4)
  4 gnolls (D:4)
  5 adders
  5 river rats (Sewer)
  4 oozes
  3 worms
  A dart slug (D:1)
  A leopard gecko (D:1)
  3 orcs
  7 ball pythons
  8 giant cockroaches
  9 goblins
  5 hobgoblins
  14 jackals
  11 kobolds
  A quokka (D:3)
  8 bats
  3 frilled lizards
  9 rats
116 creatures vanquished.

Notes
Turn   | Place    | Note
-------+----------+-------------------------------------------
     0 | D:1      | MirrMurr the Halfling Berserker began the quest for the Orb.
     0 | D:1      | Reached XP level 1. HP: 15/15 MP: 1/1
    55 | D:1      | Reached XP level 2. HP: 13/20 MP: 2/2
   534 | D:1      | Reached XP level 3. HP: 22/25 MP: 3/3
   854 | D:1      | Reached ** piety under Trog
  1335 | D:2      | Noticed Jessica
  1343 | D:2      | Killed Jessica
  1343 | D:2      | Reached XP level 4. HP: 31/31 MP: 4/4
  1459 | D:2      | Noticed Sigmund
  1473 | D:2      | Killed Sigmund
  1473 | D:2      | Reached skill level 4 in Long Blades
  1473 | D:2      | Reached XP level 5. HP: 36/36 MP: 5/5
  1473 | D:2      | Reached XP level 6. HP: 42/42 MP: 6/6
  2035 | D:2      | Found an ancient bone altar of Kikubaaqudgha.
  2035 | D:2      | Noticed a human
  2106 | D:3      | Found a glowing drain.
  2165 | Sewer    | Entered a sewer
  2493 | Sewer    | Reached skill level 5 in Long Blades
  2493 | Sewer    | Reached XP level 7. HP: 43/47 MP: 7/7
  2936 | Sewer    | Reached *** piety under Trog
  3070 | Sewer    | Reached skill level 6 in Long Blades
  3070 | Sewer    | Reached XP level 8. HP: 41/54 MP: 8/8
  3352 | D:3      | Found a shadowy altar of Dithmenos.
  4185 | D:4      | Found an opulent altar of Gozag.
  4345 | D:4      | HP: 2/54 [something/puff of flame (5)]
  4346 | D:4      | Reached skill level 5 in Armour
  4347 | D:4      | Slain by an orc wizard

Vault maps used:
D:1:      dpeg_arrival_tiny_c, minmay_quantized
D:2:      first_ration, tgw_kikubaaqudgha, uniq_sigmund, uniq_jessica
D:3:      nicolae_dithmenos_through_a_glass_darkly, gup_sewer_entry_glass
D:4:      kennysheep_goblin_castle, overflow_temple_1_default,
          lemuel_doored_altar, gammafunk_temple_overflow_pools,
          minmay_misc_feat_nine_boxes, grunt_gozag_statues
Sewer:    sewer_co_tree

Skill      XL: |  1  2  3  4  5  6  7  8 |
---------------+-------------------------+-----
Fighting       | 3 4 |  4.5
Long Blades    | 4 5 6 |  6.5
Armour         | 3 4 5 |  5.0
Dodging        | 3 4 |  4.9

Action                   |  1- 3 |  4- 6 |  7- 9 || total
-------------------------+-------+-------+-------++-------
Melee: Falchion          |    90 |   104 |   259 ||   453
Invok: Berserk           |     2 |     1 |     2 ||     5
       Trog's Hand       |     1 |       |       ||     1
  Use: Scroll            |     4 |     3 |     3 ||    10
       Potion            |       |       |     1 ||     1
  Eat: Chunk             |     2 |     3 |     4 ||     9
       Ration            |       |     1 |     1 ||     2
Armor: Animal skin       |    10 |       |       ||    10
       Leather armour    |    10 |     8 |       ||    18
       Ring mail         |       |    25 |    28 ||    53
       Scale mail        |       |       |    35 ||    35
Dodge: Dodged            |    81 |    70 |   159 ||   310
       Rpst.: Falchion   |    22 |    17 |    44 ||    83

Table legend:
 A = Spawn XP
 B = Non-spawn XP
 C = Spawn XP percentage of total XP
 D = Spawn monster count
 E = Non-spawn monster count
 F = Spawn count percentage of total count
 G = Total turns spent on level
                    A         B        C        D         E        F      G
               +---------+---------+-------+---------+---------+-------+---------
         Total |       0 |    1425 |   0.0 |       0 |     116 |   0.0 |  4347
               +---------+---------+-------+---------+---------+-------+---------
           D:1 |       0 |      55 |   0.0 |       0 |      30 |   0.0 |  1255
           D:2 |       0 |     274 |   0.0 |       0 |      17 |   0.0 |   797
           D:3 |       0 |     172 |   0.0 |       0 |      28 |   0.0 |   940
           D:4 |       0 |     293 |   0.0 |       0 |      13 |   0.0 |   285
         Sewer |       0 |     631 |   0.0 |       0 |      28 |   0.0 |  1070
               +---------+---------+-------+---------+---------+-------+---------
